 Dungeon Sprint DCSS version 0.30-a0-1102-g2dbb833546 (webtiles) character file.

Game seed: 3619597396447500801

3415 Conn the Arsonist (level 10, 0/90 HPs)
             Began as an Octopode Fire Elementalist on Apr 18, 2023.
             Was a High Priest of Sif Muna.
             Succumbed to poison (dark miasma)
             ... in the Dungeon (Sprint II: "The Violet Keep of Menkaure").
             The game lasted 00:14:30 (1153 turns).

Conn the Arsonist (Octopode Fire Elementalist)      Turns: 1153, Time: 00:14:31

Health: 0/90       AC: 25    Str:  8    XL:     10   Next: 5%
Magic:  21/26      EV:  2    Int: 20    God:    Sif Muna [*****.]
Gold:   49         SH:  0    Dex: 12    Spells: 18/34 levels left

rFire   + . .      SeeInvis .    (no weapon)
rCold   + . .      Faith    .    (no shield)
rNeg    . . .      Spirit   .    (helmet currently unavailable)
rPois   +          Reflect  .    (no amulet)
rElec   +          Rampage  .    (no ring)
rCorr   +          NoTele   +    (no ring)
Will    .....                    (no ring)
Stlth   +++                      (no ring)
HPRegen 0.35/turn                (no ring)
MPRegen 0.20/turn                (no ring)
                                 (no ring)
                                 (no ring)

@: lethally poisoned (0 -> -5), tree-form, resistant, slowed, very slow
A: stationary, stasis, torment immunity, boosted hp, almost no armour,
(amphibious), 8 rings, (camouflage 1), (gelatinous body 1), (nimble swimmer 1),
(tentacles), dopey 1
a: Renounce Religion, Channel Magic, Forget Spell, Divine Exegesis


You were in the Dungeon.
You worshipped Sif Muna.
Sif Muna was extremely pleased with you.
You were a tree.
You visited 1 branch You collected 486 gold pieces.
You spent 437 gold pieces at shops.

Inventory:

Scrolls
 f - a scroll of blinking
Potions
 a - 2 potions of magic
 b - a potion of resistance
 c - 3 potions of lignification


   Skills:
 + Level 2.2 Fighting
 + Level 6.4 Dodging
 - Level 7.1 Stealth
 * Level 12.8 Spellcasting
 * Level 7.8 Conjurations
 + Level 0.7 Hexes
 + Level 13.9 Fire Magic
 * Level 4.2 Air Magic
 + Level 1.1 Poison Magic


You had 18 spell levels left.
You knew the following spells:

 Your Spells              Type           Power      Damage    Failure   Level
a - Foxfire               Conj/Fire      100%       2x1d9     1%          1
b - Scorch                Fire           100%       2d9       1%          2
c - Inner Flame           Hex/Fire       42%        N/A       1%          3
d - Flame Wave            Conj/Fire      54%        2d13      1%          4
e - Mephitic Cloud        Conj/Pois/Air  30%        N/A       2%          3
f - Call Imp              Summ           24%        N/A       8%          2
g - Magic Dart            Conj           100%       1d8       1%          1

Your spell library contained the following spells:

 Spells                   Type           Power      Damage    Failure   Level
 Shock                    Conj/Air       100%       1d9       1%          1
 Static Discharge         Conj/Air       72%        2-5/arc   1%          2
 Volatile Blastmotes      Fire/Tloc      80%        2d16      1%          3
 Arcjolt                  Conj/Air       18%        1d28      12%         5
 Silence                  Hex/Air        11%        N/A       45%         5
 Maxwell's Capacitive Co  Air            14%        ∞         100%        8


Dungeon Overview and Level Annotations

Branches:
Dungeon (1/1)

Altars:
Cheibriados
Dithmenos
Elyvilon
Fedhas
Gozag
Hepliaklqana
Kikubaaqudgha
Makhleb
Nemelex Xobeh
Okawaru
Qazlal
Ru
Sif Muna
Trog
Uskayaw
Vehumet
Wu Jian
Xom
Yredelemnul
Zin
The Shining One
Jiyva
Lugonu

Shops:
D ?!:*!*=[:[![=(!

Annotations:
D exclusions: oklob plant and orange crystal statue, Kirke


Innate Abilities, Weirdness & Mutations

You are a tree.
Your roots penetrate the ground, keeping you stationary.
You cannot be teleported.
You are immune to unholy pain and torment.
Your maximum health is greatly increased.
You cannot wear most types of armour.
((You are amphibious.))
You can wear up to eight rings at the same time.
((Your skin changes colour to match your surroundings (Stealth+).))
((Your rubbery body absorbs attacks. (AC +1, EV +1)))
((You are camouflaged when in or above water. (Stealth+)))
((You have tentacles for arms and can constrict up to eight enemies at once.))
You are dopey. (Int -2)


Message History

You feel stronger.
Unknown command.
Unknown command.
Unknown command.
Unknown command.
Unknown command.
Press: ? - help, v - describe, . - travel, g - get item Item here: Sif Muna's Essays on the Storm {god gift}.
The floor, spattered with blood.
Unknown command.
Unknown command.
There is a lethal amount of poison in your body!
It was a potion of resistance.
You feel protected.
* * * LOW HITPOINT WARNING * * *
You feel very sick.
Okay, then.
Unknown command.
Okay, then.
Unknown command.
Unknown command.
There is a lethal amount of poison in your body!
* * * LOW HITPOINT WARNING * * *
You feel very sick.
Okay, then.
Unknown command.
Unknown command.
Unknown command.
Unknown command.
Unknown command.
Okay, then.
Unknown command.
Unknown command.
There is a lethal amount of poison in your body!
* * * LOW HITPOINT WARNING * * *
You feel very sick.
Okay, then.
You pick up Sif Muna's Essays on the Storm {god gift} and begin reading...
You add the spells Shock, Static Discharge, Arcjolt, Silence and Maxwell's Capacitive Coupling to your library.
You die...

#.#....# ...# ##▓([)!!!)[▓▓ ##.
###..## #..# $#▓($($[$)[▓▓
#+###.##..# +..# °#▓)[$:)?)$▓▓
#.##...#..# #..# .#▓!!)?)$$?▓▓
.<.')#.+..####..##.#▓![!?![?$▓▓
#.##...#....###.°○##▓▓▓▓▓▓▓+▓▓▓▓+
#†###.##......~§)☼§†~~~~~~~...Xw≈
.#.####~~.....~#†########+###.ww≈
###.#~~~~~~~..§#♣.._._._#S~~# ≈≈
.#.##~~~~~~~§§~#_._._._.#S~≈≈#
#'##~~~≈≈§~~~§~#._._._._#§~~§≈#
~~~~~~~~≈§§§~~~#_._._._.#~§~§≈≈
+#+++#~≈≈≈§≈≈§§#._._._..#~§~~~§
≈§§≈ ##≈§§###§§#_._._...#~~§~≈S
§≈§≈≈≈##§§# #≈§#._._....#~
§8≈≈≈§§ ≈≈# #§≈#.._.....#§
≈≈§§≈§# § ≈≈≈≈##########§


There were no monsters in sight!

Vanquished Creatures
  A death drake (D)
  A merfolk siren (D)
  A yaktaur (D)
  3 polar bears (D)
  A hornet (D)
  2 wyverns (D)
  4 neqoxecs (D)
  A vampire mosquito (D)
  A water moccasin (D)
  A swamp drake (D)
  9 electric eels (D)
25 creatures vanquished.

Vanquished Creatures (others)
  Menkaure (D)
  A water moccasin (D)
  64 foxfires (D)
  20 tentacles (D)
86 creatures vanquished.

Grand Total: 111 creatures vanquished

Notes
Turn   | Place    | Note
-------+----------+-------------------------------------------
     0 | D        | Conn the Octopode Fire Elementalist began the quest for the
                  | Orb.
     0 | D        | Reached XP level 1. HP: 11/11 MP: 3/3
     1 | D        | Noticed a boulder beetle
     1 | D        | Noticed a boulder beetle
     4 | D        | Noticed a neqoxec
     8 | D        | Noticed a neqoxec
    10 | D        | Gained mutation: You are dopey. (Int -2) [a neqoxec]
    11 | D        | Killed a neqoxec
    12 | D        | Reached skill level 5 in Stealth
    12 | D        | Reached skill level 7 in Fire Magic
    12 | D        | Reached XP level 2. HP: 9/17 MP: 4/7
    12 | D        | Reached XP level 3. HP: 12/21 MP: 4/8
    12 | D        | Reached XP level 4. HP: 15/27 MP: 5/10
    12 | D        | Reached XP level 5. HP: 17/31 MP: 5/11
    21 | D        | Killed a neqoxec
    22 | D        | Reached skill level 5 in Spellcasting
    22 | D        | Reached skill level 9 in Fire Magic
    22 | D        | Reached XP level 6. HP: 20/36 MP: 5/14
    27 | D        | Learned a level 2 spell: Scorch
    28 | D        | Noticed a neqoxec
    31 | D        | Learned a level 3 spell: Inner Flame
    42 | D        | Killed a neqoxec
    43 | D        | Reached skill level 5 in Dodging
    43 | D        | Reached skill level 10 in Fire Magic
   129 | D        | Killed Menkaure
   142 | D        | Killed a water moccasin
   151 | D        | Learned a level 4 spell: Flame Wave
   151 | D        | Noticed a merfolk siren
   154 | D        | Killed a merfolk siren
   155 | D        | Reached skill level 1 in Fighting
   155 | D        | Reached skill level 11 in Fire Magic
   155 | D        | Reached XP level 7. HP: 43/43 MP: 9/18
   177 | D        | Found a glowing golden altar of the Shining One.
   177 | D        | Found an ornate altar of the Wu Jian Council.
   179 | D        | Found a stormy altar of Qazlal.
   180 | D        | Found a shimmering altar of Xom.
   180 | D        | Found a sacrificial altar of Ru.
   180 | D        | Found a hazy altar of Hepliaklqana.
   181 | D        | Found a basalt altar of Yredelemnul.
   181 | D        | Found a shimmering blue altar of Sif Muna.
   181 | D        | Found a viscous altar of Jiyva.
   182 | D        | Found a glowing silver altar of Zin.
   182 | D        | Found a bloodstained altar of Trog.
   182 | D        | Found an ancient bone altar of Kikubaaqudgha.
   183 | D        | Found a hide-covered altar of Uskayaw.
   183 | D        | Found a corrupted altar of Lugonu.
   183 | D        | Found a shadowy altar of Dithmenos.
   184 | D        | Found a radiant altar of Vehumet.
   184 | D        | Found a burning altar of Makhleb.
   184 | D        | Found a white marble altar of Elyvilon.
   185 | D        | Found a sparkling altar of Nemelex Xobeh.
   185 | D        | Found a blossoming altar of Fedhas.
   187 | D        | Found an iron altar of Okawaru.
   187 | D        | Found an opulent altar of Gozag.
   187 | D        | Found a snail-covered altar of Cheibriados.
   192 | D        | Became a worshipper of Sif Muna the Loreminder
   204 | D        | Noticed a kraken
   268 | D        | Noticed a yaktaur
   268 | D        | Noticed a hornet
   268 | D        | Noticed a polar bear
   376 | D        | Noticed a wyvern
   376 | D        | Noticed a wyvern
   380 | D        | Killed a wyvern
   381 | D        | Reached skill level 5 in Conjurations
   381 | D        | Reached XP level 8. HP: 29/48 MP: 11/20
   381 | D        | Killed a wyvern
   382 | D        | Reached skill level 12 in Fire Magic
   391 | D        | Noticed an orange crystal statue
   394 | D        | Found Hiomafio's Distillery.
   396 | D        | Found Viryats's Antique Weapon Shoppe.
   396 | D        | Found Muikapp's Antique Armour Emporium.
   397 | D        | Found Xusoj's Jewellery Emporium.
   397 | D        | Found Zainn's Antique Armour Shoppe.
   399 | D        | Found Qunawkofa's Book Shoppe.
   399 | D        | Found Wogguff's Distillery.
   399 | D        | Found Fikoek's Antique Armour Emporium.
   402 | D        | Reached * piety under Sif Muna
   409 | D        | Found Duqeutex's Jewellery Shoppe.
   409 | D        | Found Itrac's Assorted Antiques.
   410 | D        | Noticed a great orb of eyes
   413 | D        | Found Uguymiop's Distillery.
   413 | D        | Found Xeneopt's General Store.
   413 | D        | Noticed an oklob plant
   420 | D        | Found Zoil's Distillery.
   420 | D        | Found Deysaf's Magic Scroll Emporium.
   420 | D        | Found Puihef's Book Shoppe.
   432 | D        | Noticed an ice dragon
   479 | D        | Reached skill level 10 in Spellcasting
   562 | D        | Reached ** piety under Sif Muna
   949 | D        | Reached *** piety under Sif Muna
   952 | D        | Reached XP level 9. HP: 43/53 MP: 19/23
  1058 | D        | Noticed an elephant
  1058 | D        | Noticed a centaur warrior
  1058 | D        | Noticed Kirke
  1058 | D        | Noticed a yaktaur captain
  1058 | D        | Noticed a kobold demonologist
  1073 | D        | Bought a book of Minor Magic for 216 gold pieces
  1077 | D        | Learned a level 3 spell: Mephitic Cloud
  1080 | D        | Learned a level 2 spell: Call Imp
  1082 | D        | Learned a level 1 spell: Magic Dart
  1087 | D        | Bought 2 potions of lignification for 78 gold pieces
  1087 | D        | Bought 2 potions of lignification for 78 gold pieces
  1087 | D        | Bought a potion of heal wounds for 65 gold pieces
  1132 | D        | Noticed a polar bear
  1134 | D        | Noticed a polar bear
  1137 | D        | Noticed a death drake
  1137 | D        | Killed a polar bear
  1137 | D        | Reached **** piety under Sif Muna
  1138 | D        | Reached skill level 13 in Fire Magic
  1138 | D        | Reached skill level 1 in Air Magic
  1138 | D        | Killed a polar bear
  1138 | D        | Killed a hornet
  1145 | D        | Killed a yaktaur
  1145 | D        | Killed a polar bear
  1145 | D        | Reached ***** piety under Sif Muna
  1149 | D        | Killed a death drake
  1149 | D        | Received a gift from Sif Muna
  1150 | D        | Reached skill level 1 in Poison Magic
  1150 | D        | Reached XP level 10. HP: 11/60 MP: 20/26
  1151 | D        | HP: 4/90 [poison (dark miasma)]
  1152 | D        | HP: 1/90 [poison (dark miasma)]
  1153 | D        | Got Sif Muna's Essays on the Storm {god gift}
  1153 | D        | Succumbed to poison (dark miasma)

Illustrated notes

Levels and vault maps discovered:
D:        the_violet_keep_of_menkaure [sprint2_stairs_cluster_1,
          sprint2_shoproom, sprint2_temple, sprint2_basic_supplies,
          sprint2_obstacle_4, sprint2_obstacle_2, sprint2_obstacle_7,
          sprint2_obstacle_3, sprint2_obstacle_1, sprint2_timed_cluster_1,
          sprint2_smallroom_cluster_1, sprint2_smallroom_final_cluster_1,
          sprint2_transparent_cluster_1, sprint2_second_timed_cluster_1,
          sprint2_sniper_area_1, sprint2_heavy_combat_area_1,
          sprint2_mutation_trap_area_1, sprint2_forest_area_1,
          sprint2_light_combat_area_1, sprint2_behind_water_1,
          sprint2_near_end_vault_1]

Skill      XL: |  1  2  3  4  5  6  7  8  9 |
---------------+----------------------------+-----
Dodging        | 3 4 5 6 |  6.4
Stealth        | 5 6 7 |  7.1
Spellcasting   | 4 5 7 8 10 12 | 12.8
Fire Magic     | 7 9 11 12 13 | 13.9
Conjurations   | 4 5 6 7 |  7.8
Fighting       | 1 2 |  2.2
Air Magic      | 4 |  4.2
Poison Magic   | 1 |  1.1
Hexes          | |  0.7

Action                     |  1- 3 |  4- 6 |  7- 9 | 10-12 || total
---------------------------+-------+-------+-------+-------++-------
  Melee: Unarmed           |     5 |    13 |       |       ||    18
         Tentacles         |     2 |     2 |       |       ||     4
         Constrict         |     1 |     2 |       |       ||     3
   Cast: Foxfire           |       |     4 |    40 |       ||    44
         Scorch            |       |     4 |    18 |       ||    22
         Inner Flame       |       |     1 |     2 |       ||     3
         Flame Wave        |       |       |     3 |       ||     3
         Mephitic Cloud    |       |       |     3 |       ||     3
    Use: Potion            |     2 |     2 |     3 |     1 ||     8
 Armour: Skin              |       |     2 |     9 |       ||    11
  Dodge: Dodged            |       |     8 |    14 |       ||    22

Table legend: (Time is in decaauts)
 A = Elapsed time spent in this place.
 B = Non-inter-level travel time spent in this place.
 C = Inter-level travel time spent in this place.
 D = Time resting spent in this place.
 E = Time spent auto-exploring this place.
 F = Levels seen in this place.
 G = Mean time per level.
                   A        B        C        D        E       F      G
               +--------+--------+--------+--------+--------+-----+--------+
         Total |   1150 |   1139 |     11 |    736 |      0 |   1 | 1150.0 |
       Dungeon |   1150 |   1139 |     11 |    736 |      0 |   1 | 1150.0 |
               +--------+--------+--------+--------+--------+-----+--------+

Top non-repeatable levels by time:
       D: 1150 daAuts
